TOP OF THE 1ST |
Santa Barbara Golden Cranes batting - Pitching for Phoenix Hotspur Reserves : RHP Aki Tanaka
|
Pitching: RHP Aki Tanaka
|
|
Batting: RHB Kyle Dempsey
|
0-0: Called Strike 0-1: Foul Ball, location: 2F 0-2: Ball 1-2: Foul Ball, location: 2F 1-2: Foul Ball, location: 2F 1-2: Strikes out swinging
|
Batting: LHB Marvin von Seydlitz
|
0-0: Ball 1-0: Foul Ball, location: 2F 1-1: Swinging Strike 1-2: Strikes out swinging
|
Batting: RHB Tom Baker
|
0-0: SINGLE (Line Drive, 9LS)
|
Batting: RHB Jesús Murillo
|
0-0: Called Strike 0-1: Fly out, F7 (Flyball, 78M)
|
Top of the 1st over - 0 run(s), 1 hit(s), 0 error(s), 1 left on base; Santa Barbara 0 - Phoenix 0 |
BOTTOM OF THE 1ST |
Phoenix Hotspur Reserves batting - Pitching for Santa Barbara Golden Cranes : RHP Jim Unknown
|
Pitching: RHP Jim Unknown
|
|
Batting: SHB Roberto López
|
0-0: Foul Ball, location: 2F 0-1: Foul Ball, location: 2F 0-2: Ball 1-2: TRIPLE (Flyball, 8RM)
|
Batting: LHB Alberto Torres
|
0-0: Ball 1-0: Fly out, F7 (Flyball, 7S) Runner from 3rd tags up, SCORES, throw made
|
Batting: RHB Paul Campbell
|
0-0: Ball 1-0: Ball 2-0: Ball 3-0: Base on Balls
|
Batting: LHB Dave Wynn
|
0-0: Ball 1-0: Ball 2-0: Grounds into double play, U3-6 (Groundball, 3L)
|
Bottom of the 1st over - 1 run(s), 1 hit(s), 0 error(s), 0 left on base; Santa Barbara 0 - Phoenix 1 |
TOP OF THE 2ND |
Santa Barbara Golden Cranes batting - Pitching for Phoenix Hotspur Reserves : RHP Aki Tanaka
|
Batting: RHB San-gui Liang
|
0-0: Called Strike 0-1: Fly out, F9 (Flyball, 9D)
|
Batting: RHB Mal Phillips
|
0-0: Called Strike 0-1: Called Strike 0-2: Strikes out swinging
|
Batting: RHB José Masaferro
|
0-0: Called Strike 0-1: Swinging Strike 0-2: Foul Ball, location: 2F 0-2: Ball 1-2: Strikes out swinging
|
Top of the 2nd over - 0 run(s), 0 hit(s), 0 error(s), 0 left on base; Santa Barbara 0 - Phoenix 1 |
BOTTOM OF THE 2ND |
Phoenix Hotspur Reserves batting - Pitching for Santa Barbara Golden Cranes : RHP Jim Unknown
|
Batting: RHB Phil Terry
|
0-0: Called Strike 0-1: Ball 1-1: Swinging Strike 1-2: Strikes out swinging
|
Batting: LHB Edgardo Téllez
|
0-0: Ball 1-0: Ball 2-0: Ball 3-0: Base on Balls
|
Batting: RHB José Bocanegra
|
0-0: Ball 1-0: Called Strike Edgardo Téllez steals 2nd base 1-1: Foul Ball, location: 2F 1-2: Foul Ball, location: 2F 1-2: Strikes out looking
|
Batting: SHB Miguel Soto
|
0-0: Ball 1-0: Called Strike 1-1: Foul Ball, location: 2F 1-2: Foul Ball, location: 2F 1-2: Strikes out swinging
|
Bottom of the 2nd over - 0 run(s), 0 hit(s), 0 error(s), 1 left on base; Santa Barbara 0 - Phoenix 1 |
TOP OF THE 3RD |
Santa Barbara Golden Cranes batting - Pitching for Phoenix Hotspur Reserves : RHP Aki Tanaka
|
Batting: RHB Juan Jose Díaz
|
0-0: Ball 1-0: Ball 2-0: Ball 3-0: Called Strike 3-1: Base on Balls
|
Batting: RHB Tim Wilson
|
0-0: Called Strike 0-1: Ball 1-1: Foul Ball, location: 2F 1-2: Ground out 3-1 (Groundball, 34) Juan Jose Díaz to second
|
Batting: RHB Kyle Dempsey
|
0-0: Called Strike 0-1: Ball 1-1: Foul Ball, location: 2F 1-2: Ground out 4-3 (Groundball, 4) Juan Jose Díaz to third
|
Batting: LHB Marvin von Seydlitz
|
0-0: Foul Ball, location: 2F 0-1: Swinging Strike 0-2: Ball 1-2: Strikes out swinging
|
Top of the 3rd over - 0 run(s), 0 hit(s), 0 error(s), 1 left on base; Santa Barbara 0 - Phoenix 1 |
BOTTOM OF THE 3RD |
Phoenix Hotspur Reserves batting - Pitching for Santa Barbara Golden Cranes : RHP Jim Unknown
|
Batting: SHB John Jenkins
|
0-0: Swinging Strike 0-1: Ball 1-1: Ball 2-1: Ground out 4-3 (Groundball, 34)
|
Batting: SHB Roberto López
|
0-0: Ball 1-0: Ball 2-0: Ball 3-0: Called Strike 3-1: Called Strike 3-2: Foul Ball, location: 2F 3-2: SINGLE (Groundball, 34D)
|
Batting: LHB Alberto Torres
|
0-0: Ball 1-0: Called Strike Roberto López steals 2nd base 1-1: Ground out 4-3 (Groundball, 4) Roberto López to third
|
Batting: RHB Paul Campbell
|
0-0: Fly out, F6 (Popup, 5)
|
Bottom of the 3rd over - 0 run(s), 1 hit(s), 0 error(s), 1 left on base; Santa Barbara 0 - Phoenix 1 |
TOP OF THE 4TH |
Santa Barbara Golden Cranes batting - Pitching for Phoenix Hotspur Reserves : RHP Aki Tanaka
|
Batting: RHB Tom Baker
|
0-0: Ball 1-0: Fly out, F8 (Line Drive, 8RD)
|
Batting: RHB Jesús Murillo
|
0-0: SINGLE (Line Drive, 78S)
|
Batting: RHB San-gui Liang
|
0-0: Foul Ball, location: 2F 0-1: Ball 1-1: Ball 2-1: Fielders Choice at 2nd, 3-6 (Groundball, 3)
|
Batting: RHB Mal Phillips
|
0-0: Called Strike 0-1: Ball 1-1: Ball 2-1: Swinging Strike 2-2: Foul Ball, location: 2F 2-2: Strikes out looking
|
Top of the 4th over - 0 run(s), 1 hit(s), 0 error(s), 1 left on base; Santa Barbara 0 - Phoenix 1 |
BOTTOM OF THE 4TH |
Phoenix Hotspur Reserves batting - Pitching for Santa Barbara Golden Cranes : RHP Jim Unknown
|
Batting: LHB Dave Wynn
|
0-0: Ball 1-0: Foul Ball, location: 2F 1-1: Ball 2-1: SINGLE (Flyball, 78S)
|
Batting: RHB Phil Terry
|
0-0: Ball 1-0: Called Strike 1-1: Fielders Choice at 2nd, 1-6 (Groundball, 13S)
|
Batting: LHB Edgardo Téllez
|
0-0: Ball 1-0: Called Strike 1-1: Called Strike 1-2: Strikes out swinging
|
Batting: RHB José Bocanegra
|
0-0: Foul Ball, location: 2F 0-1: Called Strike Phil Terry is caught stealing 2nd base
|
Bottom of the 4th over - 0 run(s), 1 hit(s), 0 error(s), 0 left on base; Santa Barbara 0 - Phoenix 1 |
TOP OF THE 5TH |
Santa Barbara Golden Cranes batting - Pitching for Phoenix Hotspur Reserves : RHP Aki Tanaka
|
Batting: RHB José Masaferro
|
0-0: Called Strike 0-1: Ball 1-1: Ball 2-1: Ball 3-1: Foul Ball, location: 2F 3-2: Foul Ball, location: 2F 3-2: Base on Balls
|
Batting: RHB Juan Jose Díaz
|
0-0: Bunt missed! 0-1: Bunted foul 0-2: Ball 1-2: Strikes out swinging
|
Batting: RHB Tim Wilson
|
0-0: Ball 1-0: Ball 2-0: Ball 3-0: Base on Balls José Masaferro to second
|
Batting: RHB Kyle Dempsey
|
0-0: Hit by Pitch José Masaferro to third Tim Wilson to second
|
Batting: LHB Marvin von Seydlitz
|
0-0: Foul Ball, location: 2F 0-1: Ball 1-1: Grounds into double play, 4-6-3 (Groundball, 4)
|
Top of the 5th over - 0 run(s), 0 hit(s), 0 error(s), 2 left on base; Santa Barbara 0 - Phoenix 1 |
BOTTOM OF THE 5TH |
Phoenix Hotspur Reserves batting - Pitching for Santa Barbara Golden Cranes : RHP Jim Unknown
|
Batting: RHB José Bocanegra
|
0-0: Fly out, F8 (Flyball, 8RM)
|
Batting: SHB Miguel Soto
|
0-0: Ball 1-0: Foul Ball, location: 2F 1-1: Ball 2-1: Ball 3-1: Ground out 4-3 (Groundball, 4M)
|
Batting: SHB John Jenkins
|
0-0: Ball 1-0: Called Strike 1-1: Ball 2-1: Fly out, F7 (Flyball, 78M)
|
Bottom of the 5th over - 0 run(s), 0 hit(s), 0 error(s), 0 left on base; Santa Barbara 0 - Phoenix 1 |
TOP OF THE 6TH |
Santa Barbara Golden Cranes batting - Pitching for Phoenix Hotspur Reserves : RHP Aki Tanaka
|
Batting: RHB Tom Baker
|
0-0: Ball 1-0: Called Strike 1-1: Ball 2-1: Ball 3-1: Base on Balls
|
Batting: RHB Jesús Murillo
|
0-0: Ball 1-0: Ball 2-0: Called Strike 2-1: Ball Wild Pitch! Tom Baker to second 3-1: Base on Balls
|
Batting: RHB San-gui Liang
|
0-0: Called Strike 0-1: Ball 1-1: Swinging Strike 1-2: Ball 2-2: Hit by Pitch Tom Baker to third Jesús Murillo to second
|
Batting: RHB Mal Phillips
|
0-0: Ball Wild Pitch! Tom Baker scores Jesús Murillo to third San-gui Liang to second 1-0: Ball 2-0: Called Strike 2-1: Foul Ball, location: 2F 2-2: Ball 3-2: Fly out, F7 (Flyball, 7M) Runner from 3rd tags up, SCORES, throw made
|
Batting: RHB José Masaferro
|
0-0: Intentional Walk
|
Batting: RHB Juan Jose Díaz
|
0-0: Ball 1-0: Foul Ball, location: 2F 1-1: SINGLE (Line Drive, 6MD) San-gui Liang to third José Masaferro to second Runner from 3rd tries for Home, SAFE, no throw or cutoff
|
Batting: RHB Tim Wilson
|
0-0: Called Strike 0-1: Ball 1-1: Foul Ball, location: 2F 1-2: Ball 2-2: Fly out, F6 (Line Drive, 6)
|
Pitching: RHP Robert Dickinson
|
|
Batting: RHB Kyle Dempsey
|
0-0: Foul Ball, location: 2F 0-1: Ball 1-1: Ball 2-1: Foul Ball, location: 2F 2-2: Ball 3-2: Fly out, F8 (Flyball, 8LM)
|
Top of the 6th over - 3 run(s), 1 hit(s), 0 error(s), 2 left on base; Santa Barbara 3 - Phoenix 1 |
BOTTOM OF THE 6TH |
Phoenix Hotspur Reserves batting - Pitching for Santa Barbara Golden Cranes : RHP Jim Unknown
|
Batting: SHB Roberto López
|
0-0: Ball 1-0: Ball 2-0: Ball 3-0: Called Strike 3-1: Fly out, F1 (Line Drive, 15)
|
Batting: LHB Alberto Torres
|
0-0: Ball 1-0: Foul Ball, location: 2F 1-1: Ground out 1-3 (Groundball, 15)
|
Batting: RHB Paul Campbell
|
0-0: Foul Ball, location: 2F 0-1: Fly out, F9 (Flyball, 89M)
|
Bottom of the 6th over - 0 run(s), 0 hit(s), 0 error(s), 0 left on base; Santa Barbara 3 - Phoenix 1 |
TOP OF THE 7TH |
Santa Barbara Golden Cranes batting - Pitching for Phoenix Hotspur Reserves : RHP Robert Dickinson
|
Batting: LHB Marvin von Seydlitz
|
0-0: Ball 1-0: Ball 2-0: Ball 3-0: Called Strike 3-1: Base on Balls
|
Batting: RHB Tom Baker
|
0-0: Ball 1-0: Foul Ball, location: 2F 1-1: Swinging Strike 1-2: Strikes out swinging
|
Batting: RHB Jesús Murillo
|
0-0: Foul Ball, location: 2F 0-1: Ball 1-1: Ball 2-1: Ball 3-1: Called Strike 3-2: Strikes out swinging
|
Batting: RHB San-gui Liang
|
0-0: DOUBLE (Line Drive, 8LD) Marvin von Seydlitz to third Runner from 3rd tries for Home, SAFE, no throw or cutoff
|
Batting: RHB Mal Phillips
|
0-0: SINGLE (Groundball, 34D) San-gui Liang to third Runner from 3rd tries for Home, SAFE, no throw or cutoff
|
Batting: RHB José Masaferro
|
0-0: Ball 1-0: Called Strike 1-1: Foul Ball, location: 2F 1-2: Foul Ball, location: 2F 1-2: Foul Ball, location: 2F 1-2: Ball 2-2: Ball 3-2: Ground out 2-3 (Groundball, 2R)
|
Top of the 7th over - 2 run(s), 2 hit(s), 0 error(s), 1 left on base; Santa Barbara 5 - Phoenix 1 |
BOTTOM OF THE 7TH |
Phoenix Hotspur Reserves batting - Pitching for Santa Barbara Golden Cranes : RHP Jim Unknown
|
Batting: LHB Dave Wynn
|
0-0: Called Strike 0-1: Ball 1-1: Ball 2-1: Ball 3-1: Fly out, F6 (Popup, 6MD)
|
Batting: RHB Phil Terry
|
0-0: Ball 1-0: Called Strike 1-1: Foul Ball, location: 2F 1-2: Strikes out swinging
|
Batting: LHB Edgardo Téllez
|
0-0: Ball 1-0: SINGLE (Flyball, 8RS)
|
Batting: RHB José Bocanegra
|
0-0: Called Strike 0-1: Foul Ball, location: 2F 0-2: Strikes out looking
|
Bottom of the 7th over - 0 run(s), 1 hit(s), 0 error(s), 1 left on base; Santa Barbara 5 - Phoenix 1 |
TOP OF THE 8TH |
Santa Barbara Golden Cranes batting - Pitching for Phoenix Hotspur Reserves : RHP Robert Dickinson
|
Batting: RHB Juan Jose Díaz
|
0-0: Foul Ball, location: 2F 0-1: Ball 1-1: Foul Ball, location: 2F 1-2: Ball 2-2: Ball 3-2: Fly out, F9 (Flyball, 9LMF)
|
Batting: RHB Tim Wilson
|
0-0: Called Strike 0-1: Ball 1-1: Swinging Strike 1-2: Strikes out swinging
|
Batting: RHB Kyle Dempsey
|
0-0: Ball 1-0: Called Strike 1-1: Foul Ball, location: 2F 1-2: SINGLE (Groundball, 56)
|
Batting: LHB Marvin von Seydlitz
|
0-0: Called Strike 0-1: Ball Kyle Dempsey steals 2nd base 1-1: Called Strike 1-2: Strikes out swinging
|
Top of the 8th over - 0 run(s), 1 hit(s), 0 error(s), 1 left on base; Santa Barbara 5 - Phoenix 1 |
BOTTOM OF THE 8TH |
Phoenix Hotspur Reserves batting - Pitching for Santa Barbara Golden Cranes : RHP Jim Unknown
|
Batting: SHB Miguel Soto
|
0-0: Ball 1-0: Ball 2-0: Called Strike 2-1: Foul Ball, location: 2F 2-2: Fly out, F8 (Flyball, 8LD)
|
Batting: SHB John Jenkins
|
0-0: Called Strike 0-1: Ball 1-1: Ball 2-1: Fly out, F7 (Flyball, 7S)
|
Batting: SHB Roberto López
|
0-0: SINGLE (Groundball, 56D)
|
Pitching: RHP Chance Wiley
|
|
Batting: LHB Alberto Torres
|
0-0: Ball 1-0: Foul Ball, location: 2F 1-1: Ball 2-1: Fly out, F8 (Flyball, 8RD)
|
Bottom of the 8th over - 0 run(s), 1 hit(s), 0 error(s), 1 left on base; Santa Barbara 5 - Phoenix 1 |
TOP OF THE 9TH |
Santa Barbara Golden Cranes batting - Pitching for Phoenix Hotspur Reserves : RHP Robert Dickinson
|
Batting: RHB Tom Baker
|
0-0: Swinging Strike 0-1: Ball 1-1: Ground out 6-3 (Groundball, 6M)
|
Batting: RHB Jesús Murillo
|
0-0: Ball 1-0: Ball 2-0: Foul Ball, location: 2F 2-1: Ground out 2-3 (Groundball, 2L)
|
Pitching: RHP Armando Féliz
|
|
Batting: RHB San-gui Liang
|
0-0: SINGLE (Line Drive, 89S)
|
Batting: RHB Mal Phillips
|
0-0: Called Strike 0-1: Ball 1-1: Foul Ball, location: 2F 1-2: Ball 2-2: Strikes out swinging
|
Top of the 9th over - 0 run(s), 1 hit(s), 0 error(s), 1 left on base; Santa Barbara 5 - Phoenix 1 |
BOTTOM OF THE 9TH |
Phoenix Hotspur Reserves batting - Pitching for Santa Barbara Golden Cranes : RHP Chance Wiley
|
Pitching: LHP Doug Robinson
|
|
Batting: RHB Paul Campbell
|
0-0: Ball 1-0: Ball 2-0: Called Strike 2-1: Ball 3-1: Fly out, F6 (Line Drive, 6)
|
Batting: LHB Dave Wynn
|
0-0: Ball 1-0: Foul Ball, location: 2F 1-1: Swinging Strike 1-2: Ball 2-2: Foul Ball, location: 2F 2-2: Strikes out swinging
|
Batting: RHB Phil Terry
|
0-0: Ball 1-0: Ground out 5-3 (Groundball, 56)
|
Bottom of the 9th over - 0 run(s), 0 hit(s), 0 error(s), 0 left on base; Santa Barbara 5 - Phoenix 1 |
|